 Dungeon Crawl Stone Soup version 0.28-a0-1567-g1695149f81 (webtiles) character file.

Game seed: 10381380869130656775

1708 Pin the Missionary (level 9, -5/72 HPs)
             Began as a Hill Orc Monk on Jan 19, 2022.
             Was a Priest of Beogh.
             Killed from afar by a gargoyle (20 damage)
             ... with a stone arrow
             ... on level 7 of the Dungeon.
             The game lasted 00:17:43 (10182 turns).

Pin the Missionary (Hill Orc Monk)                 Turns: 10182, Time: 00:17:44

Health: -5/72      AC: 14    Str: 18    XL:     9   Next: 3%
Magic:  15/15      EV:  6    Int: 10    God:    Beogh [***...]
Gold:   307        SH:  9    Dex: 13    Spells: 8/8 levels left

rFire   . . .      SeeInvis .   p - +6 war axe
rCold   . . .      Faith    .   i - +0 kite shield
rNeg    . . .      Spirit   .   a - +0 chain mail
rPois   .          Reflect  .   (no helmet)
rElec   .          Harm     .   s - +1 cloak {rCorr}
rCorr   +          Rampage  .   o - +0 pair of gloves
Will    +....                   (no boots)
Stlth   ..........              (no amulet)
HPRegen 0.22/turn               k - ring of willpower
MPRegen 0.14/turn               (no ring)

@: no status effects
A: no striking features
a: Renounce Religion, Smiting


You were on level 7 of the Dungeon.
You worshipped Beogh.
Beogh was most pleased with you.
You visited 1 branch of the dungeon, and saw 7 of its levels.

You collected 307 gold pieces.

Inventory:

Hand Weapons
 p - a +6 war axe (weapon)
Armour
 a - a +0 chain mail (worn)
 i - a +0 kite shield (worn)
 o - a +0 pair of gloves (worn)
 s - a +1 cloak of preservation (worn)
Jewellery
 k - a ring of willpower (left hand)
 t - a +4 ring of evasion
Wands
 d - a wand of paralysis (9)
 f - a wand of iceblast (13)
 j - a wand of polymorph (20)
Scrolls
 c - a scroll of identify
 e - a scroll of enchant armour {unknown}
 g - 2 scrolls of blinking
 m - 2 scrolls of teleportation
 r - 3 scrolls of fear {unknown}
Potions
 b - 6 potions of curing
 h - 2 potions of ambrosia
 l - a potion of lignification
 n - a potion of cancellation
 q - a potion of flight


   Skills:
 + Level 4.5 Fighting
 + Level 5.1 Axes
 + Level 6.6 Armour
 - Level 2.4 Dodging
 - Level 1.5 Stealth
 + Level 5.6 Shields
 + Level 8.9 Invocations


You had 8 spell levels left.
You didn't know any spells.
Your spell library contained the following spells:

 Spells                   Type           Power      Damage    Failure   Level
 Static Discharge         Conj/Air       0%         N/A       100%        2
 Sublimation of Blood     Necr           0%         N/A       100%        2
 Petrify                  Tmut/Erth      0%         N/A       100%        4
 Irradiate                Conj/Tmut      0%         3d14      100%        5
 Lightning Bolt           Conj/Air       0%         1d11      100%        5
 Maxwell's Capacitive Co  Air            0%         ∞         100%        8


Dungeon Overview and Level Annotations

Branches:
Dungeon (7/15)             Temple (0/1) D:5

Altars:
Cheibriados
Dithmenos
Elyvilon
Gozag
Hepliaklqana
Trog
Uskayaw
Vehumet

Shops:
D:1 [


Message History

Increase (S)trength, (I)ntelligence, or (D)exterity?
You feel stronger. x2
HP restored.
t - a +4 ring of evasion You open the door.
There is an open door here.
A gargoyle comes into view. It is wielding a +0 morningstar.
The gargoyle hurls a stone arrow at you.
The stone arrow hits you! The gargoyle barely misses you.
You barely miss the gargoyle. You block the gargoyle's attack. x2
You barely miss the gargoyle. The gargoyle barely misses you.
You barely miss the gargoyle.
The gargoyle hurls a stone arrow at you.
You block the stone arrow.
The gargoyle hurls a stone arrow at you.
The stone arrow misses you.
You hit the gargoyle but do no damage.
The gargoyle hits you with a +0 morningstar.
You hit the gargoyle.
The gargoyle is lightly damaged.
The gargoyle hits you with a +0 morningstar!
You hit the gargoyle but do no damage.
The gargoyle is lightly damaged.
The gargoyle hits you with a +0 morningstar.
The gargoyle hurls a stone arrow at you.
The stone arrow hits you!!
You hit the gargoyle but do no damage.
The gargoyle is lightly damaged.
You block the gargoyle's attack.
You barely miss the gargoyle.
The gargoyle is lightly damaged.
The gargoyle hits you with a +0 morningstar.
You hit the gargoyle but do no damage.
The gargoyle is lightly damaged.
The gargoyle hits you with a +0 morningstar!
* * * LOW HITPOINT WARNING * * *
The gargoyle hurls a stone arrow at you.
The stone arrow hits you!!
You die...

##.#.# ##.......#
#####....###.........
...........'.........
####....###.........
###.#.# ##.......#
#.....# ##.....##
#.##### ###...### #.#
#........ #@#
#.##.#### #9# #.##.#
# #.# #####.##.## #
#.# #.........### #.#
#.###......## #.#
#.#....## #..
#....#... ###
####...## #####


You could see a gargoyle.

Vanquished Creatures
  Eustachio (D:4)
  2 ogres
  A phantom (D:6)
  Blork the orc (D:4)
  A bullfrog (D:7)
  2 kobold brigands
  A gnoll sergeant (D:4)
  2 scorpions
  A water moccasin skeleton (D:4)
  3 orc priests
  2 hounds (D:4)
  2 gnoll shamans
  2 iguanas
  Ijyb (D:2)
  2 orc wizards
  A hound skeleton (D:4)
  A mummy (D:6)
  14 gnolls
  7 adders
  A worm (D:5)
  6 dart slugs
  16 orcs
  4 endoplasms
  4 giant cockroaches
  12 goblins
  3 hobgoblins
  8 jackals
  17 kobolds
  7 quokkas
  3 ball pythons
  7 bats
  5 frilled lizards
  2 hobgoblin zombies (D:6)
  A kobold zombie (D:6)
  6 rats
149 creatures vanquished.

Vanquished Creatures (collateral kills)
  An ogre (D:6)
  A bullfrog (D:6)
  An orc zombie (D:6)
3 creatures vanquished.

Vanquished Creatures (others)
  An orc warrior (D:6)
  An orc (D:4)
  A jackal (D:1)
3 creatures vanquished.

Grand Total: 155 creatures vanquished

Notes
Turn   | Place    | Note
-------+----------+-------------------------------------------
     0 | D:1      | Pin the Hill Orc Monk began the quest for the Orb.
     0 | D:1      | Reached XP level 1. HP: 19/19 MP: 1/1
    38 | D:1      | Found Baqatade's Armour Shop.
   119 | D:1      | Reached skill level 1 in Armour
   166 | D:1      | Reached XP level 2. HP: 26/26 MP: 2/2
   327 | D:1      | Found a faded altar of an unknown god.
   590 | D:1      | Reached XP level 3. HP: 28/31 MP: 3/3
  1557 | D:2      | Reached skill level 1 in Shields
  1565 | D:2      | Reached XP level 4. HP: 39/39 MP: 4/4
  1590 | D:2      | Noticed Ijyb
  1605 | D:2      | Killed Ijyb
  2028 | D:3      | Reached XP level 5. HP: 33/45 MP: 5/5
  2309 | D:3      | Found an opulent altar of Gozag.
  2380 | D:3      | Found a radiant altar of Vehumet.
  2527 | D:3      | Found a white marble altar of Elyvilon.
  3180 | D:4      | Noticed Eustachio
  3207 | D:4      | Killed Eustachio
  3208 | D:4      | Reached skill level 5 in Armour
  3208 | D:4      | Reached XP level 6. HP: 5/51 MP: 6/6
  3883 | D:4      | Became a worshipper of Beogh the Brigand
  3883 | D:4      | Reached * piety under Beogh
  3883 | D:4      | Reached ** piety under Beogh
  4102 | D:4      | Reached XP level 7. HP: 57/57 MP: 7/7
  4165 | D:4      | Found a hide-covered altar of Uskayaw.
  4165 | D:4      | Noticed a +0 spear
  4165 | D:4      | Noticed a +0 dagger
  4167 | D:4      | Noticed a +0 short sword
  4168 | D:4      | Noticed a +0 spear
  4168 | D:4      | Noticed a +0 dagger
  4168 | D:4      | Noticed a +0 short sword
  4169 | D:4      | Noticed a +0 falchion
  4169 | D:4      | Noticed a +0 falchion
  4243 | D:4      | Noticed Blork the orc
  4251 | D:4      | Killed Blork the orc
  4455 | D:4      | Reached skill level 5 in Shields
  4677 | D:5      | Entered Level 5 of the Dungeon
  4678 | D:5      | Found a staircase to the Ecumenical Temple.
  4857 | D:4      | Reached skill level 1 in Invocations
  4870 | D:4      | Reached skill level 2 in Invocations
  4971 | D:4      | Reached skill level 3 in Invocations
  5695 | D:4      | Reached skill level 4 in Invocations
  5700 | D:4      | Reached skill level 5 in Invocations
  5946 | D:4      | Reached XP level 8. HP: 5/66 MP: 11/11
  6357 | D:5      | Identified the +9 short sword of the Many Quests {flame,
                  | Will+ Dex+2}
  6519 | D:5      | Reached skill level 6 in Invocations
  6997 | D:5      | Reached skill level 7 in Invocations
  7218 | D:5      | Reached *** piety under Beogh
  7772 | D:6      | Reached skill level 8 in Invocations
  7915 | D:6      | Found a shadowy altar of Dithmenos.
  8159 | D:6      | Found a snail-covered altar of Cheibriados.
  9085 | D:6      | Found a bloodstained altar of Trog.
  9086 | D:6      | Found a hazy altar of Hepliaklqana.
 10122 | D:7      | Reached skill level 5 in Axes
 10122 | D:7      | Reached XP level 9. HP: 67/72 MP: 15/15
 10170 | D:7      | Noticed a gargoyle
 10182 | D:7      | Killed from afar by a gargoyle

Illustrated notes

Levels and vault maps discovered:
D:1:      lemuel_arrival_rhombus, layout_loops_ring,
          hellmonk_ecumenical_altar_blasted, serial_shops,
          nicolae_shop_hallway_stairs, minmay_unequal
D:2:      kennysheep_the_goblin_king, layout_basic, minmay_liquid_box
D:3:      layout_loops_ring, old_standard_altar, marbit_many_paths,
          nicolae_vehumet_radiance, chequers_serial_rivers_marsh,
          dk_noncrumbling_4, minivault_26
D:4:      layout_basic, nicolae_uskayaw_en_pointe, uniq_blork_the_orc,
          uniq_eustachio
D:5:      layout_loops_cross, minmay_temple_entry_mini_moons
D:6:      layout_loops_ring, amcnicky_altar_gilded, lemuel_crystal_altar,
          gammafunk_temple_overflow_statue, minmay_mini_ossuary
D:7:      layout_loops_corners, tgw_sif

Skill      XL: |  1  2  3  4  5  6  7  8 |
---------------+-------------------------+-----
Armour         | 1 2 3 4 5 6 |  6.6
Shields        | 1 2 4 5 |  5.6
Invocations    | 5 8 |  8.9
Fighting       | 4 |  4.5
Axes           | 5 |  5.1
Dodging        | |  2.4
Stealth        | |  1.5

Action                   |  1- 3 |  4- 6 |  7- 9 || total
-------------------------+-------+-------+-------++-------
Melee: Hand axe          |    99 |   122 |       ||   221
       Punch             |     1 |       |       ||     1
       Unarmed           |       |    18 |       ||    18
       War axe           |       |     6 |   201 ||   207
Invok: Convert to Beogh  |       |     1 |       ||     1
  Use: Scroll            |       |    11 |     5 ||    16
 Stab: Sleeping          |     2 |       |       ||     2
       Confused          |       |     1 |       ||     1
Armor: Robe              |    11 |       |       ||    11
       Chain mail        |    32 |    64 |   114 ||   210
       Skin              |       |     6 |       ||     6
Dodge: Dodged            |    47 |    51 |    62 ||   160
Block: Kite shield       |     8 |    66 |   142 ||   216

Table legend: (Time is in decaauts)
 A = Elapsed time spent in this place.
 B = Non-inter-level travel time spent in this place.
 C = Inter-level travel time spent in this place.
 D = Time resting spent in this place.
 E = Time spent auto-exploring this place.
 F = Levels seen in this place.
 G = Mean time per level.
                   A        B        C        D        E       F      G
               +--------+--------+--------+--------+--------+-----+--------+
         Total |  10342 |  10228 |    114 |   4525 |   4405 |   7 | 1477.4 |
       Dungeon |  10342 |  10228 |    114 |   4525 |   4405 |   7 | 1477.4 |
               +--------+--------+--------+--------+--------+-----+--------+

Top non-repeatable levels by time:
     D:4: 3430 daAuts
     D:5: 1854 daAuts
     D:6: 1573 daAuts
     D:1: 1195 daAuts
     D:3: 1107 daAuts
     D:2: 650 daAuts
     D:7: 530 daAuts
